Kradschützen Motorcycle Team
Selects Armored Support Battlegroup
Construct Light Support Kompanie
le.IG 18 Mechanized Group
Selects Flammpanzer III Medium Tank
Flammpanzer III Medium Tank
Flammpanzer III Medium Tank
Construct Mechanized Kompanie
254 Reconnaissance Tractor
Construct Panzerarmee Kommand
Walking Stuka Rocket Launcher
18-tonne Recovery Half-track
Selects Stuka Anti-tank Loiter
Selects Battlefield Salvage